Replay - ZvP 2 Base Lurker rolled over

Build Order

Get SALT Encoding   

  12  0:01  Drone  
  13  0:12  Overlord  
  13  0:19  Drone  
  14  0:32  Drone x2  
  16  0:37  Drone  
  17  0:57  Hatchery  
  16  0:58  Drone x2  
  18  1:12  Extractor  
  18  1:13  Spawning Pool  
  18  1:16  Drone  
  17  1:19  Drone  
  18  1:31  Drone  
  19  1:42  Overlord  
  19  2:01  Queen  
  19  2:02  Zergling x2  
  19  2:04  Drone  
  23  2:10  Queen  
  23  2:11  Drone x2  
  23  2:12  Metabolic Boost  
  27  2:24  Zergling x4  
  29  2:32  Drone x2  
  31  2:45  Overlord  
  31  2:48  Queen  
  31  2:49  Lair  
  31  2:50  Drone  
  34  2:58  Drone x2  
  36  3:06  Drone x2, Extractor  
  37  3:14  Drone x4  
  41  3:20  Drone, Overlord  
  42  3:31  Queen  
  42  3:32  Extractor  
  42  3:35  Drone  
  43  3:42  Drone x2  
  43  3:46  Overlord  
  45  3:59  Queen  
  45  4:00  Hydralisk Den, Drone  
  45  4:01  Drone x5  
  52  4:09  Queen  
  52  4:16  Overlord  
  54  4:19  Drone  
  55  4:29  Lurker Den  
  55  4:41  Queen  
  55  4:42  Overlord  
  55  4:45  Queen  
  59  4:56  Overlord x2  
  59  5:05  Hydralisk  
  59  5:06  Hydralisk x7  
  75  5:08  Overseer  
  75  5:18  Queen  
  75  5:21  Queen  
  77  5:27  Overlord  
  80  5:42  Zergling x2  
  80  5:43  Zergling x8  
  84  5:53  Zergling x4  
  84  5:54  Zergling x2, Queen  
  84  5:56  Queen  
  89  5:57  Lurker  
  89  5:58  Lurker x4  
  89  6:00  Spore Crawler  
  89  6:03  Spore Crawler x2  
  93  6:04  Spore Crawler  
  93  6:11  Overlord x2  
  92  6:12  Overlord  
Spawning Tool Build Advisor. Get it on Overwolf

Go to:

Details

  • Created by: IMBALISK
  • Published on: Aug 15, 2016
  • Modified on: Aug 15, 2016
  • Patch: Pre-3.8.0
Show
View Real Time Build Order
Export as new Build Order

Comments (2)

On Oct. 3, 2016, 7:48 a.m., Tilko  said:

Disregard my question about the extractor, turns out watching replays lets you see the build in action...

Seems like this build would catch many people off guard, and I love the massive amount of queens on the front lines.

On Oct. 3, 2016, 7:22 a.m., Tilko  said:

I've only had 2 build orders to play vs Protoss for a while; this one looks good, I'm practicing it with salt.

Question: For the first extractor (18), do you remove any drones from gas after getting enough for ling speed (many timing attack builds do)?

Create an account to comment!